 Dungeon Crawl Stone Soup version 0.23.1 (webtiles) character file.

Game seed: 14241638669703435692

154 Borgoz the Skirmisher (level 5, -6/46 HPs)
             Began as a Ghoul Monk on Mar 18, 2019.
             Was a Believer of Ashenzari.
             Mangled by an ogre
             ... wielding a +0 giant club
              (12 damage)
             ... on level 4 of the Dungeon.
             The game lasted 00:05:45 (2831 turns).

Borgoz the Skirmisher (Ghoul Monk)                  Turns: 2831, Time: 00:05:46

Health: -6/46      AC:  6    Str: 16 (18) XL:     5   Next: 36%
Magic:  4/4        EV: 12    Int:  3 (5)  God:    Ashenzari [**....]
Gold:   112        SH:  0    Dex: 10 (12) Spells: 4/4 levels left

rFire    . . .     SeeInvis .   a - +1 dagger (drain)
rCold    + . .     Gourm    .   (no shield)
rNeg     + + +     Faith    .   h - +1 ring mail
rPois    ∞         Spirit   .   (no helmet)
rElec    .         Reflect  .   (no cloak)
rCorr    .         Harm     .   (no gloves)
MR       .....                  (no boots)
Stlth    +.........             (no amulet)
HPRegen  0.00/turn              m - +3 ring of strength
MPRegen  0.09/turn              (no ring)

@: rotting
A: rotting body, claws 1, carnivore, cold resistance 1, negative energy
resistance 3, inhibited regeneration, torment resistance, unbreathing
a: Curse Item, Scrying, Renounce Religion


You were on level 4 of the Dungeon.
You worshipped Ashenzari.
Ashenzari was pleased with you.
You were not hungry.

You visited 2 branches of the dungeon, and saw 5 of its levels.

You collected 112 gold pieces.

Inventory:

Hand Weapons
 a - a +1 dagger of draining (weapon)
Armour
 b - a +0 robe
 h - a +1 ring mail (worn)
Jewellery
 m - a +3 ring of strength (left claw)
Wands
 j - a wand of flame (21)
Scrolls
 e - a scroll of enchant armour
 f - 2 scrolls of amnesia
 i - 3 scrolls of teleportation
 l - a scroll of identify
Potions
 g - a potion of flight
Comestibles
 c - 4 rations


   Skills:
 + Level 3.7 Fighting
 * Level 3.5 Short Blades
 * Level 2.0 Armour
 * Level 3.5 Dodging
 + Level 2.9 Stealth


You had 4 spell levels left.
You didn't know any spells.
Your spell library was empty.

Dungeon Overview and Level Annotations

Branches:
Dungeon (4/15)             Temple (1/1) D:4

Altars:
Ashenzari
Cheibriados
Dithmenos
Elyvilon
Fedhas
Hepliaklqana
Kikubaaqudgha
Makhleb
Nemelex Xobeh
Okawaru
Qazlal
Ru
Sif Muna
Trog
Uskayaw
Vehumet
Wu Jian
Xom
Yredelemnul
Zin
The Shining One

Annotations:
D:3 Grinder


Innate Abilities, Weirdness & Mutations

Your body is rotting away.
You thrive on raw meat.
You are immune to poison.
You have sharp fingernails.
You are carnivorous and can eat meat at any time.
Your flesh is cold resistant. (rC+)
You are immune to negative energy. (rN+++)
You do not regenerate when monsters are visible.
You are immune to unholy pain and torment.
You can survive without breathing.


Message History

The ogre misses you.
Your ring mail prevents you from hitting the ogre.
The ogre is moderately wounded.
A hound comes into view.
The ogre closely misses you.
You hit the ogre.
The ogre is heavily wounded.
You hit the ogre but do no damage.
The ogre is heavily wounded.
The ogre hits you with a +0 giant club!
You hit the ogre.
The ogre is heavily wounded.
You hit the ogre.
The ogre is severely wounded.
The ogre hits you with a +0 giant club!
* * * LOW HITPOINT WARNING * * *
You hit the ogre but do no damage.
The ogre is severely wounded.
The hound closely misses you. The ogre hits you with a +0 giant club!
You die...

#..........#####
##...............
#>....[...........
#####................#
#.....................
#.##.........#..##..(.
#.##.....##.#.8.#.....
#.##.......#..........
#..........#8.@O8#....
##<...........h.......
###.##..####.8.##....
#...... .##.# ....
######.... .. .. ###
##. ? . .


You could see an ogre and a hound.

Vanquished Creatures
  A hound (D:3)
  Jessica (D:2)
  A worker ant (D:4)
  An adder (Temple)
  4 worms
  3 dart slugs (D:2)
  An orc (D:3)
  2 bats
  2 giant cockroaches (D:2)
  8 goblins
  3 hobgoblins (D:1)
  3 jackals (D:1)
  8 kobolds
  4 frilled lizards
  10 rats
52 creatures vanquished.

Notes
Turn   | Place    | Note
-------+----------+-------------------------------------------
     0 | D:1      | Borgoz the Ghoul Monk began the quest for the Orb.
     0 | D:1      | Reached XP level 1. HP: 19/19 MP: 0/0
   182 | D:1      | Reached XP level 2. HP: 19/26 MP: 1/1
   830 | D:1      | Reached XP level 3. HP: 29/31 MP: 2/2
  1196 | D:2      | Reached skill level 1 in Armour
  1546 | D:2      | Noticed Jessica
  1549 | D:2      | Killed Jessica
  1549 | D:2      | Reached XP level 4. HP: 39/39 MP: 3/3
  1575 | D:3      | Found a faded altar of an unknown god.
  2129 | D:3      | Reached XP level 5. HP: 44/46 MP: 4/4
  2203 | D:3      | Noticed Grinder
  2237 | D:3      | HP: 2/46 [Grinder (7)]
  2501 | D:4      | Found a staircase to the Ecumenical Temple.
  2518 | D:4      | Noticed an ogre
  2527 | Temple   | Entered the Ecumenical Temple
  2798 | Temple   | Became a worshipper of Ashenzari the Shackled
  2798 | Temple   | Reached * piety under Ashenzari
  2798 | Temple   | Reached ** piety under Ashenzari
  2831 | D:4      | Mangled by an ogre

Skill      XL: |  1  2  3  4  5 |
---------------+----------------+-----
Dodging        | 3 |  3.5
Short Blades   | 3 |  3.5
Armour         | 1 2 |  2.0
Fighting       | |  3.7
Stealth        | |  2.9

Action                   |  1- 3 |  4- 6 || total
-------------------------+-------+-------++-------
Melee: Short sword       |    81 |       ||    81
       Dagger            |    55 |   113 ||   168
  Use: Scroll            |       |    12 ||    12
       Potion            |       |     4 ||     4
 Stab: Sleeping          |     2 |       ||     2
  Eat: Chunk             |     6 |    10 ||    16
Armor: Robe              |    15 |     7 ||    22
       Ring mail         |       |    18 ||    18
Dodge: Dodged            |    77 |    61 ||   138
